Comets vs Little Stars
(R1)
Created - January 7, 2022 at 19:10
Goals
|
Comets |
2 |
1 |
1 |
4 |
Little Stars |
0 |
1 |
1 |
2 |
|
Shots
|
Comets |
11 |
9 |
5 |
25 |
Little Stars |
8 |
13 |
11 |
32 |
|
1st period
1. Comets , Brendan Perlini 5 (Oliver Kylington 2) at 1:00
2. Comets , Brendan Gaunce 5 (Taylor Beck 14) at 7:33
Penalties :
Tyler Wotherspoon (Tex) for Roughing (Minor) at 6:18, Brendan Lemieux (Uti) for Hooking (Minor) at 7:19, Joakim Nygard (Tex) for Tripping (Minor) at 16:43
2nd period
3. Little Stars , Jordan LaVallee 10 (Ilya Mikheyev 8, Daniel O'regan 15) at 9:46 (PP)
4. Comets , Taylor Beck 7 (Brendan Gaunce 17) at 13:08
Penalties :
Daniel O'regan (Tex) for Holding (Minor) at 5:08, Seth Helgeson (Uti) for Hooking (Minor) at 9:35, Brendan Gaunce (Uti) for Holding (Minor) at 9:49, Henrik Borgstrom (Tex) for Hooking (Minor) at 13:39, Joshua Leivo (Uti) for Hooking (Minor) at 17:07
3rd period
5. Little Stars , Adam Tambellini 5 (Henrik Borgstrom 8) at 6:44 (PP)
6. Comets , Dennis Everberg 11 (Joshua Leivo 2, Nicolas Petan 5) at 12:59
Penalties :
Juuso Riikola (Uti) for Hooking (Minor) at 0:47, Nikita Tryamkin (Uti) for Holding (Minor) at 5:02, Seth Helgeson (Uti) for Holding (Minor) at 7:00
Goalie Stats
Alexandar Georgiev (Uti), 30 saves from 32 shots - (0.938), W, 5-3-3, 60:00 minutes
Connor Knapp (Tex), 21 saves from 25 shots - (0.840), L, 7-1-0, 60:00 minutes
Players Stats for Comets
Player Name G A P +/- PIM S H SB GA TA FO MP PP MP PK MP
------------------------------------------------------------------------------------
Andrej Nestrasil 0 0 0 0 0 0 4 0 0 0 3/8 18:04 2:50 3:58
Axel Holmstrom 0 0 0 1 0 2 1 0 1 0 1/3 6:49 0:00 0:19
Brendan Gaunce 1 1 2 2 2 4 1 2 0 1 23/44 23:09 4:08 5:02
Brendan Lemieux 0 0 0 0 2 2 3 0 0 0 0/0 18:27 4:07 3:37
Brendan Perlini 1 0 1 1 0 2 0 0 0 0 0/0 7:18 0:00 0:46
Denis Gurianov 0 0 0 1 0 1 1 0 1 0 0/0 17:19 4:08 0:00
Dennis Everberg 1 0 1 1 0 4 1 0 0 0 0/0 10:37 0:00 0:00
Joshua Leivo 0 1 1 1 2 1 1 0 0 1 0/0 10:32 0:00 0:00
Juho Lammikko 0 0 0 1 0 1 2 1 1 0 0/0 6:30 0:00 0:00
Justin Bailey 0 0 0 0 0 1 1 0 1 0 0/1 16:07 2:50 1:59
Juuso Riikola 0 0 0 0 2 0 4 1 0 0 0/0 19:43 2:59 3:58
Nicolas Petan 0 1 1 1 0 0 2 0 1 0 2/5 10:12 0:00 0:00
Nikita Tryamkin 0 0 0 1 2 2 5 1 1 0 0/0 20:10 2:59 3:45
Oliver Kylington 0 1 1 1 0 0 1 0 0 0 0/0 12:50 0:00 2:14
Phil Di Giuseppe 0 0 0 0 0 0 0 0 0 0 0/0 0:00 0:00 0:00
Seth Helgeson 0 0 0 2 4 1 3 2 1 2 0/0 27:42 3:59 5:11
Taylor Beck 1 1 2 2 0 2 4 1 1 0 0/1 23:01 2:50 5:59
Wiley Sherman 0 0 0 3 0 2 0 0 0 2 0/0 29:19 3:59 6:32
William Lagesson 0 0 0 1 0 0 1 1 0 1 0/0 10:16 0:00 0:00
Players Stats for Little Stars
Player Name G A P +/- PIM S H SB GA TA FO MP PP MP PK MP
------------------------------------------------------------------------------------
Adam Tambellini 1 0 1 -1 0 3 1 1 1 0 0/0 18:07 5:09 2:44
Anton Cederholm 0 0 0 -2 0 2 1 2 0 1 0/0 26:05 5:03 4:03
Daniel O'regan 0 1 1 -1 2 2 2 0 2 1 18/34 22:43 5:40 3:06
Eric Knodel 0 0 0 -1 0 1 2 0 0 2 0/0 25:11 5:13 2:55
Henrik Borgstrom 0 1 1 -1 2 1 1 0 0 0 6/8 15:51 5:09 0:56
Ilya Mikheyev 0 1 1 0 0 3 1 0 0 0 0/1 18:49 5:40 0:00
Jason Dickinson 0 0 0 -1 0 0 0 0 0 0 5/8 13:23 0:01 2:09
Joakim Nygard 0 0 0 -1 2 1 1 1 0 0 0/1 10:31 0:01 0:18
Jordan LaVallee 1 0 1 -1 0 7 1 1 1 0 0/1 23:33 5:40 3:56
Matt Luff 0 0 0 -1 0 0 1 0 0 1 0/0 7:39 0:00 0:00
Michael Mersch 0 0 0 -1 0 3 2 0 0 0 1/1 7:39 0:00 0:00
Reece Willcox 0 0 0 -1 0 0 0 0 1 0 0/0 21:16 5:13 2:55
Roman Horak 0 0 0 -1 0 3 0 0 1 0 2/7 8:27 0:00 0:47
Sebastian Wannstrom 0 0 0 -1 0 4 2 0 0 0 0/0 14:42 5:05 0:00
Tucker Poolman 0 0 0 -2 0 0 1 0 1 0 0/0 13:39 0:34 0:38
Tyler Wotherspoon 0 0 0 -1 2 1 0 2 0 1 0/0 21:59 5:41 3:25
Ville Pokka 0 0 0 -1 0 0 0 0 0 2 0/0 11:53 0:00 0:00
Zach Budish 0 0 0 -1 0 1 2 0 0 0 1/1 10:33 0:01 0:00
3 Stars
1 - Taylor Beck (Uti)
2 - Brendan Gaunce (Uti)
3 - Dennis Everberg (Uti)
Power Play
Comets - 0 on 4 Attempt(s) - 0.00%
Little Stars - 2 on 7 Attempt(s) - 28.57%
Penalty Kill
Comets - 5 on 7 Attempt(s) - 71.43%
- Score 0 goal in Penalty Kill
Little Stars - 4 on 4 Attempt(s) - 100.00%
- Score 0 goal in Penalty Kill
Team Stat
Comets - Hits : 35 - Faceoff Wins : 29 - Blocked Shots : 9 - Penalty Minutes : 14
Little Stars - Hits : 18 - Faceoff Wins : 33 - Blocked Shots : 7 - Penalty Minutes : 8
Official
Referees : Chris Rooney and Francis Charron
Linesman : Shandor Alphonso and Kyle Flemington
Game Notes
No Game Note
Finance
Level 1 -- Attendance: 1960 (98.00%) -- Ticket Income $68,600
Level 2 -- Attendance: 1000 (100.00%) -- Ticket Income $15,000
Total Attendance: 2960 (98.67%)
Total Ticket Income: $83,600
Other Income: $4,180
Total Income: $87,780
Comets
5 vs 5 Forward
Center Left Wing Right Wing Time % Phy DF OF
1 Brendan Gaunce Taylor Beck Denis Gurianov 55 0 0 5
2 Andrej Nestrasil Brendan Lemieux Justin Bailey 25 1 2 2
3 Nicolas Petan Dennis Everberg Joshua Leivo 15 1 2 2
4 Axel Holmstrom Brendan Perlini Juho Lammikko 5 1 2 2
5 vs 5 Defense
Defense Defense Time % Phy DF OF
1 Seth Helgeson Wiley Sherman 53 1 2 2
2 Nikita Tryamkin Juuso Riikola 28 1 2 2
3 Oliver Kylington William Lagesson 14 1 2 2
4 Nikita Tryamkin Wiley Sherman 5 1 2 2
PowerPlay Forward
Center Left Wing Right Wing Time % Phy DF OF
1 Brendan Gaunce Brendan Lemieux Denis Gurianov 70 2 0 3
2 Andrej Nestrasil Taylor Beck Justin Bailey 30 2 0 3
PowerPlay Defense
Defense Defense Time % Phy DF OF
1 Seth Helgeson Wiley Sherman 60 2 0 3
2 Nikita Tryamkin Juuso Riikola 40 2 0 3
Penalty Kill 4 Players Forward
Center Wing Time % Phy DF OF
1 Brendan Gaunce Taylor Beck 60 1 2 2
2 Andrej Nestrasil Brendan Lemieux 40 1 2 2
Penalty Kill 4 Players Defense
Defense Defense Time % Phy DF OF
1 Seth Helgeson Wiley Sherman 60 1 2 2
2 Nikita Tryamkin Juuso Riikola 40 1 2 2
Penalty Kill - 3 Players Forward
Forward Time % Phy DF OF
1 Brendan Gaunce 60 1 2 2
2 Andrej Nestrasil 40 1 2 2
Penalty Kill - 3 Players Defense
Defense Defense Time % Phy DF OF
1 Seth Helgeson Wiley Sherman 60 1 2 2
2 Nikita Tryamkin Juuso Riikola 40 1 2 2
4 vs 4 Forward
Center Wing Time % Phy DF OF
1 Brendan Gaunce Taylor Beck 60 1 2 2
2 Andrej Nestrasil Brendan Lemieux 40 1 2 2
4 vs 4 Defense
Defense Defense Time % Phy DF OF
1 Seth Helgeson Wiley Sherman 60 1 2 2
2 Nikita Tryamkin Juuso Riikola 40 1 2 2
Last Minutes Offensive
Center Left Wing Right Wing Defense Defense
Brendan Gaunce Brendan Lemieux Denis Gurianov Nikita Tryamkin Wiley Sherman
Last Minutes Defensive
Center Left Wing Right Wing Defense Defense
Brendan Gaunce Taylor Beck Dennis Everberg Seth Helgeson Wiley Sherman
Goaltenders
Starting : Alexandar Georgiev
Backup : Thatcher Demko
Extra Forwards
Normal : Justin Bailey, Denis Gurianov, Joshua Leivo - PP : Justin Bailey, Denis Gurianov - PK : Justin Bailey
Extra Defensemen
Normal : Juuso Riikola, Oliver Kylington, Wiley Sherman - PP : Juuso Riikola - PK : Juuso Riikola, Oliver Kylington
Penalty Shots
Dennis Everberg, Taylor Beck, Brendan Lemieux, Brendan Gaunce, Denis Gurianov
Scratches
Anton Karlsson (Healthy), Jaedon Descheneau (Healthy), Jeremy Roy (Healthy), Kurtis Macdermid (Healthy), Mackenzie MacEachern (Healthy)
Taylor Leier (Healthy), Teemu Pulkkinen (Healthy), Thomas DiPauli (Healthy), Tyler Graovac (Healthy), Jordan Gross (Healthy)
Rasmus Asplund (Healthy), Oskar Steen (Healthy), Dmitry Sokolov (Healthy), Marek Langhamer (Healthy)
Little Stars
5 vs 5 Forward
Center Left Wing Right Wing Time % Phy DF OF
1 Daniel O'regan Jordan LaVallee Ilya Mikheyev 40 1 2 2
2 Henrik Borgstrom Adam Tambellini Sebastian Wannstrom 30 1 2 2
3 Jason Dickinson Joakim Nygard Zach Budish 20 1 2 2
4 Roman Horak Michael Mersch Matt Luff 10 1 2 2
5 vs 5 Defense
Defense Defense Time % Phy DF OF
1 Anton Cederholm Eric Knodel 40 1 2 2
2 Reece Willcox Tucker Poolman 30 1 2 2
3 Ville Pokka Tyler Wotherspoon 20 1 2 2
4 Anton Cederholm Eric Knodel 10 1 2 2
PowerPlay Forward
Center Left Wing Right Wing Time % Phy DF OF
1 Daniel O'regan Jordan LaVallee Ilya Mikheyev 60 1 2 2
2 Henrik Borgstrom Adam Tambellini Sebastian Wannstrom 40 1 2 2
PowerPlay Defense
Defense Defense Time % Phy DF OF
1 Anton Cederholm Tyler Wotherspoon 60 1 2 2
2 Reece Willcox Eric Knodel 40 1 2 2
Penalty Kill 4 Players Forward
Center Wing Time % Phy DF OF
1 Daniel O'regan Jordan LaVallee 60 1 2 2
2 Henrik Borgstrom Adam Tambellini 40 1 2 2
Penalty Kill 4 Players Defense
Defense Defense Time % Phy DF OF
1 Anton Cederholm Tyler Wotherspoon 60 1 2 2
2 Reece Willcox Eric Knodel 40 1 2 2
Penalty Kill - 3 Players Forward
Forward Time % Phy DF OF
1 Daniel O'regan 60 1 2 2
2 Henrik Borgstrom 40 1 2 2
Penalty Kill - 3 Players Defense
Defense Defense Time % Phy DF OF
1 Anton Cederholm Tyler Wotherspoon 60 1 2 2
2 Reece Willcox Eric Knodel 40 1 2 2
4 vs 4 Forward
Center Wing Time % Phy DF OF
1 Daniel O'regan Jordan LaVallee 60 1 2 2
2 Henrik Borgstrom Adam Tambellini 40 1 2 2
4 vs 4 Defense
Defense Defense Time % Phy DF OF
1 Anton Cederholm Tyler Wotherspoon 60 1 2 2
2 Reece Willcox Eric Knodel 40 1 2 2
Last Minutes Offensive
Center Left Wing Right Wing Defense Defense
Daniel O'regan Jordan LaVallee Ilya Mikheyev Anton Cederholm Tyler Wotherspoon
Last Minutes Defensive
Center Left Wing Right Wing Defense Defense
Daniel O'regan Jordan LaVallee Ilya Mikheyev Anton Cederholm Tyler Wotherspoon
Goaltenders
Starting : Connor Knapp
Backup : Dustin Tokarski
Extra Forwards
Normal : Daniel O'regan, Sebastian Wannstrom, Zach Budish - PP : Daniel O'regan, Sebastian Wannstrom - PK : Daniel O'regan
Extra Defensemen
Normal : Tucker Poolman, Ville Pokka, Tyler Wotherspoon - PP : Tucker Poolman - PK : Tucker Poolman, Ville Pokka
Penalty Shots
Jordan LaVallee, Ilya Mikheyev, Adam Tambellini, Joakim Nygard, Daniel O'regan
Scratches
Daniil Tarasov (Healthy), Emile Poirier (Healthy), Jean-Christophe Beaudin (Healthy), Justin Auger (Healthy), Lawrence Pilut (Healthy)
Radel Fazleev (Healthy), Rudolfs Balcers (Healthy), Shane Gersich (Healthy), Yakov Trenin (Healthy), Frederic Allard (Healthy)
Joey Anderson (Healthy), Jonathan Dahlen (Healthy), Givani Smith (Healthy)
% Time on Ice - Comets
Lines # - Real PCT - Wanted PCT - Time Play
Normal Forward
1 - 33% - 55% - 13:48
2 - 26% - 25% - 10:44
3 - 25% - 15% - 10:12
4 - 16% - 5% - 6:30
Normal Defense
1 - 43% - 53% - 17:40
2 - 30% - 28% - 12:32
3 - 25% - 14% - 10:16
4 - 2% - 5% - 0:46
PP Forward
1 - 59% - 70% - 4:08
2 - 41% - 30% - 2:50
PP Defense
1 - 57% - 60% - 3:59
2 - 43% - 40% - 2:59
PK Forward
1 - 77% - 60% - 8:19
2 - 23% - 40% - 2:31
PK Defense
1 - 69% - 60% - 7:27
2 - 31% - 40% - 3:23
PK3 Forward
1 - 0% - 60%
2 - 0% - 40%
PK3 Defense
1 - 0% - 60%
2 - 0% - 40%
44 Forward
1 - 67% - 60% - 0:39
2 - 33% - 40% - 0:19
44 Defense
1 - 100% - 60% - 0:58
2 - 0% - 40% - 0:00
Last Minute Offensive - 0:00
Last Minute Defensive - 0:00
Total
Forward - 60:00
Defense - 60:00
|
% Time on Ice - Little Stars
Lines # - Real PCT - Wanted PCT - Time Play
Normal Forward
1 - 34% - 40% - 14:13
2 - 23% - 30% - 9:31
3 - 24% - 20% - 9:51
4 - 19% - 10% - 7:39
Normal Defense
1 - 37% - 40% - 15:22
2 - 33% - 30% - 13:26
3 - 28% - 20% - 11:31
4 - 2% - 10% - 0:55
PP Forward
1 - 52% - 60% - 5:41
2 - 48% - 40% - 5:09
PP Defense
1 - 52% - 60% - 5:37
2 - 48% - 40% - 5:13
PK Forward
1 - 76% - 60% - 5:19
2 - 24% - 40% - 1:39
PK Defense
1 - 58% - 60% - 4:03
2 - 42% - 40% - 2:55
PK3 Forward
1 - 0% - 60%
2 - 0% - 40%
PK3 Defense
1 - 0% - 60%
2 - 0% - 40%
44 Forward
1 - 72% - 60% - 0:42
2 - 28% - 40% - 0:16
44 Defense
1 - 72% - 60% - 0:42
2 - 28% - 40% - 0:16
Last Minute Offensive - 0:00
Last Minute Defensive - 0:00
Total
Forward - 60:00
Defense - 60:00
|
Play-by-Play
1st period
0:01 of 1st period - Daniel O'regan wins face-off versus Brendan Gaunce in neutral zone.
0:04 of 1st period - Taylor Beck is hit by Daniel O'regan and loses puck.
0:25 of 1st period - Sebastian Wannstrom is hit by Andrej Nestrasil and loses puck.
0:46 of 1st period - Slapshot by Brendan Perlini.
0:46 of 1st period - Stopped by Connor Knapp without a rebound.
0:47 of 1st period - Jason Dickinson wins face-off versus Axel Holmstrom in Little Stars zone.
1:00 of 1st period - Snap shot by Brendan Perlini.
1:00 of 1st period - Goal by Brendan Perlini - Comets : 1 - Little Stars : 0.
1:01 of 1st period - Brendan Gaunce wins face-off versus Roman Horak in neutral zone.
1:04 of 1st period - Snap shot by Denis Gurianov.
1:04 of 1st period - Stopped by Connor Knapp without a rebound.
1:05 of 1st period - Brendan Gaunce wins face-off versus Roman Horak in Little Stars zone.
1:16 of 1st period - Snap shot by Brendan Gaunce.
1:16 of 1st period - Stopped by Connor Knapp without a rebound.
1:17 of 1st period - Daniel O'regan wins face-off versus Nicolas Petan in Little Stars zone.
1:32 of 1st period - Nikita Tryamkin is hit by Ilya Mikheyev and loses puck.
1:43 of 1st period - Tucker Poolman is hit by Taylor Beck.
3:04 of 1st period - Seth Helgeson is hit by Joakim Nygard.
3:28 of 1st period - Slapshot by Henrik Borgstrom.
3:28 of 1st period - Shot Misses the Net.
3:46 of 1st period - Wrist shot by Matt Luff.
3:46 of 1st period - Shot Blocked by Taylor Beck.
3:52 of 1st period - Tyler Wotherspoon is hit by Seth Helgeson and loses puck.
4:03 of 1st period - Tyler Wotherspoon is hit by Joshua Leivo and loses puck.
4:20 of 1st period - Nicolas Petan is hit by Michael Mersch and loses puck.
4:55 of 1st period - Icing by Matt Luff.
4:56 of 1st period - Brendan Gaunce wins face-off versus Roman Horak in Little Stars zone.
5:30 of 1st period - Snap shot by Roman Horak.
5:30 of 1st period - Stopped by Alexandar Georgiev without a rebound.
5:31 of 1st period - Daniel O'regan wins face-off versus Taylor Beck in Comets zone.
5:42 of 1st period - Snap shot by Daniel O'regan.
5:42 of 1st period - Shot Misses the Net.
5:44 of 1st period - Wrist shot by Ilya Mikheyev.
5:44 of 1st period - Shot Misses the Net.
6:18 of 1st period - Minor Penalty to Tyler Wotherspoon for Roughing.
6:19 of 1st period - Daniel O'regan wins face-off versus Brendan Gaunce in Little Stars zone.
6:35 of 1st period - Jordan LaVallee is hit by Seth Helgeson.
6:45 of 1st period - Tucker Poolman is hit by Taylor Beck and loses puck.
6:56 of 1st period - Slapshot by Justin Bailey.
6:56 of 1st period - Stopped by Connor Knapp without a rebound.
6:57 of 1st period - Henrik Borgstrom wins face-off versus Brendan Gaunce in Little Stars zone.
6:57 of 1st period - Henrik Borgstrom is hit by Juuso Riikola.
7:19 of 1st period - Minor Penalty to Brendan Lemieux for Hooking.
7:20 of 1st period - Brendan Gaunce wins face-off versus Daniel O'regan in Comets zone.
7:33 of 1st period - Wrist shot by Brendan Gaunce.
7:33 of 1st period - Goal by Brendan Gaunce - Comets : 2 - Little Stars : 0.
7:34 of 1st period - Daniel O'regan wins face-off versus Brendan Gaunce in neutral zone.
8:18 of 1st period - Penalty to Tyler Wotherspoon is over, Tyler Wotherspoon is back on ice.
8:43 of 1st period - Jordan LaVallee is hit by Nikita Tryamkin and loses puck.
9:19 of 1st period - Penalty to Brendan Lemieux is over, Brendan Lemieux is back on ice.
10:29 of 1st period - Brendan Lemieux is hit by Tucker Poolman and loses puck.
10:50 of 1st period - Tucker Poolman is hit by Juho Lammikko and loses puck.
11:07 of 1st period - Snap shot by Zach Budish.
11:07 of 1st period - Stopped by Alexandar Georgiev with a rebound.
11:54 of 1st period - Snap shot by Sebastian Wannstrom.
11:54 of 1st period - Stopped by Alexandar Georgiev without a rebound.
11:55 of 1st period - Henrik Borgstrom wins face-off versus Andrej Nestrasil in Comets zone.
11:56 of 1st period - Snap shot by Sebastian Wannstrom.
11:56 of 1st period - Stopped by Alexandar Georgiev without a rebound.
11:57 of 1st period - Brendan Gaunce wins face-off versus Henrik Borgstrom in Comets zone.
12:02 of 1st period - Slapshot by Wiley Sherman.
12:02 of 1st period - Stopped by Connor Knapp with a rebound.
12:04 of 1st period - Wrist shot by Brendan Gaunce.
12:04 of 1st period - Shot Misses the Net.
12:06 of 1st period - Slapshot by Seth Helgeson.
12:06 of 1st period - Shot Misses the Net.
12:08 of 1st period - Backhand shot by Denis Gurianov.
12:08 of 1st period - Shot Blocked by Tyler Wotherspoon.
12:48 of 1st period - Wrist shot by Joshua Leivo.
12:48 of 1st period - Stopped by Connor Knapp without a rebound.
12:49 of 1st period - Brendan Gaunce wins face-off versus Daniel O'regan in Little Stars zone.
12:55 of 1st period - Icing by Ilya Mikheyev.
12:56 of 1st period - Daniel O'regan wins face-off versus Brendan Gaunce in Little Stars zone.
13:03 of 1st period - Wrist shot by Jordan LaVallee.
13:03 of 1st period - Deflect By Daniel O'regan.
13:03 of 1st period - Stopped by Alexandar Georgiev with a rebound.
13:22 of 1st period - Icing by Daniel O'regan.
13:23 of 1st period - Andrej Nestrasil wins face-off versus Daniel O'regan in Little Stars zone.
14:10 of 1st period - Icing by Eric Knodel.
14:11 of 1st period - Zach Budish wins face-off versus Brendan Gaunce in Little Stars zone.
14:11 of 1st period - Zach Budish is hit by Brendan Gaunce.
14:54 of 1st period - Icing by Justin Bailey.
14:55 of 1st period - Daniel O'regan wins face-off versus Andrej Nestrasil in Comets zone.
15:42 of 1st period - Slapshot by Michael Mersch.
15:42 of 1st period - Stopped by Alexandar Georgiev with a rebound.
15:47 of 1st period - Off-side.
15:48 of 1st period - Brendan Gaunce wins face-off versus Daniel O'regan in neutral zone.
16:15 of 1st period - Tyler Wotherspoon is hit by Juuso Riikola and loses puck.
16:43 of 1st period - Minor Penalty to Joakim Nygard for Tripping.
16:44 of 1st period - Brendan Gaunce wins face-off versus Daniel O'regan in Little Stars zone.
16:48 of 1st period - Slapshot by Brendan Lemieux.
16:48 of 1st period - Stopped by Connor Knapp with a rebound.
16:50 of 1st period - Slapshot by Wiley Sherman.
16:50 of 1st period - Shot Blocked by Anton Cederholm.
16:52 of 1st period - Slapshot by Wiley Sherman.
16:52 of 1st period - Stopped by Connor Knapp with a rebound.
16:54 of 1st period - Backhand shot by Wiley Sherman.
16:54 of 1st period - Deflect By Brendan Lemieux.
16:54 of 1st period - Stopped by Connor Knapp without a rebound.
16:55 of 1st period - Brendan Gaunce wins face-off versus Daniel O'regan in Little Stars zone.
17:00 of 1st period - Slapshot by Brendan Lemieux.
17:00 of 1st period - Deflect By Brendan Gaunce.
17:00 of 1st period - Shot Blocked by Tyler Wotherspoon.
17:00 of 1st period - Puck is out of play.
17:01 of 1st period - Daniel O'regan wins face-off versus Brendan Gaunce in Little Stars zone.
17:01 of 1st period - Daniel O'regan is hit by Denis Gurianov.
17:33 of 1st period - Justin Bailey is hit by Henrik Borgstrom and loses puck.
17:42 of 1st period - Snap shot by Adam Tambellini.
17:42 of 1st period - Stopped by Alexandar Georgiev with a rebound.
18:43 of 1st period - Penalty to Joakim Nygard is over, Joakim Nygard is back on ice.
18:52 of 1st period - Tyler Wotherspoon is hit by Nikita Tryamkin and loses puck.
19:11 of 1st period - Snap shot by Adam Tambellini.
19:11 of 1st period - Shot Blocked by William Lagesson.
19:25 of 1st period - Axel Holmstrom is hit by Zach Budish and loses puck.
19:54 of 1st period - Wrist shot by Michael Mersch.
19:54 of 1st period - Stopped by Alexandar Georgiev without a rebound.
19:55 of 1st period - Henrik Borgstrom wins face-off versus Brendan Gaunce in Comets zone.
Goals for this period are 2 for Comets vs 0 for Little Stars.
Shots for this period are 11 for Comets vs 8 for Little Stars.
2nd period
0:01 of 2nd period - Brendan Gaunce wins face-off versus Daniel O'regan in neutral zone.
0:44 of 2nd period - Slapshot by Juho Lammikko.
0:44 of 2nd period - Shot Misses the Net.
0:46 of 2nd period - Snap shot by Axel Holmstrom.
0:46 of 2nd period - Shot Blocked by Adam Tambellini.
1:45 of 2nd period - Icing by Ilya Mikheyev.
1:46 of 2nd period - Daniel O'regan wins face-off versus Nicolas Petan in Little Stars zone.
1:53 of 2nd period - Snap shot by Anton Cederholm.
1:53 of 2nd period - Stopped by Alexandar Georgiev with a rebound.
1:55 of 2nd period - Slapshot by Anton Cederholm.
1:55 of 2nd period - Stopped by Alexandar Georgiev with a rebound.
2:03 of 2nd period - Wrist shot by Jordan LaVallee.
2:03 of 2nd period - Stopped by Alexandar Georgiev without a rebound.
2:04 of 2nd period - Jason Dickinson wins face-off versus Brendan Gaunce in Comets zone.
2:35 of 2nd period - Slapshot by Ilya Mikheyev.
2:35 of 2nd period - Shot Misses the Net.
2:52 of 2nd period - Dennis Everberg is hit by Matt Luff and loses puck.
3:35 of 2nd period - Snap shot by Axel Holmstrom.
3:35 of 2nd period - Stopped by Connor Knapp without a rebound.
3:36 of 2nd period - Axel Holmstrom wins face-off versus Daniel O'regan in Little Stars zone.
3:51 of 2nd period - Snap shot by Ilya Mikheyev.
3:51 of 2nd period - Stopped by Alexandar Georgiev with a rebound.
4:18 of 2nd period - Snap shot by Joakim Nygard.
4:18 of 2nd period - Stopped by Alexandar Georgiev with a rebound.
4:46 of 2nd period - Snap shot by Axel Holmstrom.
4:46 of 2nd period - Stopped by Connor Knapp without a rebound.
4:47 of 2nd period - Brendan Gaunce wins face-off versus Daniel O'regan in Little Stars zone.
4:52 of 2nd period - Snap shot by Denis Gurianov.
4:52 of 2nd period - Shot Misses the Net.
4:54 of 2nd period - Wrist shot by Taylor Beck.
4:54 of 2nd period - Deflect By Brendan Gaunce.
4:54 of 2nd period - Stopped by Connor Knapp with a rebound.
4:56 of 2nd period - Slapshot by Juuso Riikola.
4:56 of 2nd period - Shot Blocked by Anton Cederholm.
4:58 of 2nd period - Wrist shot by Taylor Beck.
4:58 of 2nd period - Shot Blocked by Jordan LaVallee.
5:08 of 2nd period - Minor Penalty to Daniel O'regan for Holding.
5:09 of 2nd period - Brendan Gaunce wins face-off versus Jason Dickinson in Little Stars zone.
5:34 of 2nd period - Jordan LaVallee is hit by Taylor Beck and loses puck.
6:38 of 2nd period - Icing by Nikita Tryamkin.
6:39 of 2nd period - Roman Horak wins face-off versus Brendan Gaunce in Comets zone.
7:08 of 2nd period - Penalty to Daniel O'regan is over, Daniel O'regan is back on ice.
7:14 of 2nd period - Icing by Justin Bailey.
7:15 of 2nd period - Andrej Nestrasil wins face-off versus Roman Horak in Comets zone.
7:26 of 2nd period - Slapshot by Roman Horak.
7:26 of 2nd period - Stopped by Alexandar Georgiev with a rebound.
7:28 of 2nd period - Snap shot by Roman Horak.
7:28 of 2nd period - Shot Misses the Net.
7:30 of 2nd period - Slapshot by Michael Mersch.
7:30 of 2nd period - Stopped by Alexandar Georgiev without a rebound.
7:31 of 2nd period - Henrik Borgstrom wins face-off versus Nicolas Petan in Comets zone.
7:36 of 2nd period - Slapshot by Sebastian Wannstrom.
7:36 of 2nd period - Stopped by Alexandar Georgiev without a rebound.
7:37 of 2nd period - Henrik Borgstrom wins face-off versus Brendan Gaunce in Comets zone.
8:02 of 2nd period - Ilya Mikheyev is hit by Nikita Tryamkin and loses puck.
8:26 of 2nd period - Icing by Dennis Everberg.
8:27 of 2nd period - Nicolas Petan wins face-off versus Jason Dickinson in Comets zone.
8:53 of 2nd period - Icing by Seth Helgeson.
8:54 of 2nd period - Brendan Gaunce wins face-off versus Daniel O'regan in Comets zone.
9:31 of 2nd period - Snap shot by Henrik Borgstrom.
9:31 of 2nd period - Deflect By Adam Tambellini.
9:31 of 2nd period - Stopped by Alexandar Georgiev without a rebound.
9:32 of 2nd period - Brendan Gaunce wins face-off versus Daniel O'regan in Comets zone.
9:32 of 2nd period - Brendan Gaunce is hit by Eric Knodel.
9:35 of 2nd period - Minor Penalty to Seth Helgeson for Hooking.
9:36 of 2nd period - Daniel O'regan wins face-off versus Brendan Gaunce in Comets zone.
9:46 of 2nd period - Wrist shot by Ilya Mikheyev.
9:46 of 2nd period - Deflect By Jordan LaVallee.
9:46 of 2nd period - Goal by Jordan LaVallee - Comets : 2 - Little Stars : 1.
9:47 of 2nd period - Brendan Gaunce wins face-off versus Daniel O'regan in neutral zone.
9:49 of 2nd period - Minor Penalty to Brendan Gaunce for Holding.
9:50 of 2nd period - Daniel O'regan wins face-off versus Justin Bailey in Comets zone.
9:50 of 2nd period - Wrist shot by Ilya Mikheyev.
9:50 of 2nd period - Stopped by Alexandar Georgiev with a rebound.
10:19 of 2nd period - Slapshot by Sebastian Wannstrom.
10:19 of 2nd period - Stopped by Alexandar Georgiev with a rebound.
10:21 of 2nd period - Slapshot by Sebastian Wannstrom.
10:21 of 2nd period - Shot Misses the Net.
10:25 of 2nd period - Backhand shot by Henrik Borgstrom.
10:25 of 2nd period - Shot Blocked by Seth Helgeson.
11:24 of 2nd period - Sebastian Wannstrom is hit by Seth Helgeson and loses puck.
11:49 of 2nd period - Penalty to Brendan Gaunce is over, Brendan Gaunce is back on ice.
12:06 of 2nd period - Slapshot by Dennis Everberg.
12:06 of 2nd period - Stopped by Connor Knapp without a rebound.
12:07 of 2nd period - Brendan Gaunce wins face-off versus Roman Horak in Little Stars zone.
12:14 of 2nd period - Snap shot by Tyler Wotherspoon.
12:14 of 2nd period - Stopped by Alexandar Georgiev without a rebound.
12:15 of 2nd period - Roman Horak wins face-off versus Brendan Gaunce in Comets zone.
12:27 of 2nd period - Snap shot by Brendan Gaunce.
12:27 of 2nd period - Shot Misses the Net.
13:02 of 2nd period - Snap shot by Brendan Perlini.
13:02 of 2nd period - Shot Misses the Net.
13:04 of 2nd period - Slapshot by Seth Helgeson.
13:04 of 2nd period - Stopped by Connor Knapp without a rebound.
13:05 of 2nd period - Brendan Gaunce wins face-off versus Henrik Borgstrom in Little Stars zone.
13:06 of 2nd period - Slapshot by Taylor Beck.
13:06 of 2nd period - Stopped by Connor Knapp with a rebound.
13:08 of 2nd period - Backhand shot by Taylor Beck.
13:08 of 2nd period - Goal by Taylor Beck - Comets : 3 - Little Stars : 1.
13:09 of 2nd period - Brendan Gaunce wins face-off versus Daniel O'regan in neutral zone.
13:39 of 2nd period - Minor Penalty to Henrik Borgstrom for Hooking.
13:40 of 2nd period - Daniel O'regan wins face-off versus Brendan Gaunce in Little Stars zone.
13:55 of 2nd period - Slapshot by Denis Gurianov.
13:55 of 2nd period - Shot Misses the Net.
15:26 of 2nd period - Joakim Nygard is hit by Brendan Lemieux and loses puck.
15:39 of 2nd period - Penalty to Henrik Borgstrom is over, Henrik Borgstrom is back on ice.
15:51 of 2nd period - Anton Cederholm is hit by Nikita Tryamkin and loses puck.
16:04 of 2nd period - Anton Cederholm is hit by Nicolas Petan and loses puck.
16:10 of 2nd period - Off-side.
16:11 of 2nd period - Michael Mersch wins face-off versus Axel Holmstrom in neutral zone.
16:14 of 2nd period - Slapshot by Tucker Poolman.
16:14 of 2nd period - Shot Blocked by Juho Lammikko.
16:41 of 2nd period - Oliver Kylington is hit by Jordan LaVallee and loses puck.
16:56 of 2nd period - Snap shot by Dennis Everberg.
16:56 of 2nd period - Stopped by Connor Knapp with a rebound.
16:58 of 2nd period - Slapshot by Oliver Kylington.
16:58 of 2nd period - Deflect By Dennis Everberg.
16:58 of 2nd period - Stopped by Connor Knapp with a rebound.
17:00 of 2nd period - Slapshot by Joshua Leivo.
17:00 of 2nd period - Shot Blocked by Joakim Nygard.
17:07 of 2nd period - Minor Penalty to Joshua Leivo for Hooking.
17:08 of 2nd period - Daniel O'regan wins face-off versus Brendan Gaunce in Comets zone.
17:43 of 2nd period - Adam Tambellini is hit by Andrej Nestrasil and loses puck.
19:07 of 2nd period - Penalty to Joshua Leivo is over, Joshua Leivo is back on ice.
19:32 of 2nd period - Roman Horak is hit by Axel Holmstrom and loses puck.
Goals for this period are 1 for Comets vs 1 for Little Stars.
Shots for this period are 9 for Comets vs 13 for Little Stars.
3rd period
0:01 of 3rd period - Daniel O'regan wins face-off versus Brendan Gaunce in neutral zone.
0:01 of 3rd period - Daniel O'regan is hit by Taylor Beck.
0:47 of 3rd period - Minor Penalty to Juuso Riikola for Hooking.
0:48 of 3rd period - Brendan Gaunce wins face-off versus Daniel O'regan in Comets zone.
0:59 of 3rd period - Taylor Beck is hit by Daniel O'regan and loses puck.
1:17 of 3rd period - Icing by Anton Cederholm.
1:18 of 3rd period - Henrik Borgstrom wins face-off versus Brendan Gaunce in Little Stars zone.
2:14 of 3rd period - Daniel O'regan is hit by Andrej Nestrasil and loses puck.
2:47 of 3rd period - Penalty to Juuso Riikola is over, Juuso Riikola is back on ice.
2:56 of 3rd period - Slapshot by Dennis Everberg.
2:56 of 3rd period - Shot Misses the Net.
2:58 of 3rd period - Slapshot by Nikita Tryamkin.
2:58 of 3rd period - Stopped by Connor Knapp with a rebound.
3:00 of 3rd period - Snap shot by Nikita Tryamkin.
3:00 of 3rd period - Stopped by Connor Knapp without a rebound.
3:01 of 3rd period - Nicolas Petan wins face-off versus Jason Dickinson in Little Stars zone.
3:04 of 3rd period - Slapshot by Dennis Everberg.
3:04 of 3rd period - Shot Misses the Net.
3:44 of 3rd period - Brendan Gaunce is hit by Adam Tambellini and loses puck.
4:11 of 3rd period - Oliver Kylington is hit by Michael Mersch and loses puck.
4:28 of 3rd period - Joakim Nygard is hit by Nicolas Petan and loses puck.
4:49 of 3rd period - Icing by Andrej Nestrasil.
4:50 of 3rd period - Andrej Nestrasil wins face-off versus Daniel O'regan in Comets zone.
5:02 of 3rd period - Minor Penalty to Nikita Tryamkin for Holding.
5:03 of 3rd period - Daniel O'regan wins face-off versus Brendan Gaunce in Comets zone.
5:05 of 3rd period - Snap shot by Ilya Mikheyev.
5:05 of 3rd period - Shot Misses the Net.
5:07 of 3rd period - Snap shot by Jordan LaVallee.
5:07 of 3rd period - Stopped by Alexandar Georgiev with a rebound.
5:09 of 3rd period - Snap shot by Ilya Mikheyev.
5:09 of 3rd period - Shot Misses the Net.
5:15 of 3rd period - Slapshot by Jordan LaVallee.
5:15 of 3rd period - Stopped by Alexandar Georgiev without a rebound.
5:16 of 3rd period - Brendan Gaunce wins face-off versus Ilya Mikheyev in Comets zone.
5:41 of 3rd period - Seth Helgeson is hit by Sebastian Wannstrom and loses puck.
5:48 of 3rd period - Snap shot by Sebastian Wannstrom.
5:48 of 3rd period - Shot Misses the Net.
5:50 of 3rd period - Slapshot by Eric Knodel.
5:50 of 3rd period - Stopped by Alexandar Georgiev without a rebound.
5:51 of 3rd period - Daniel O'regan wins face-off versus Brendan Gaunce in Comets zone.
6:16 of 3rd period - Reece Willcox is hit by Juuso Riikola and loses puck.
6:37 of 3rd period - Seth Helgeson is hit by Eric Knodel and loses puck.
6:44 of 3rd period - Snap shot by Adam Tambellini.
6:44 of 3rd period - Goal by Adam Tambellini - Comets : 3 - Little Stars : 2.
6:45 of 3rd period - Brendan Gaunce wins face-off versus Daniel O'regan in neutral zone.
6:55 of 3rd period - Wrist shot by Daniel O'regan.
6:55 of 3rd period - Shot Misses the Net.
7:00 of 3rd period - Minor Penalty to Seth Helgeson for Holding.
7:01 of 3rd period - Brendan Gaunce wins face-off versus Jordan LaVallee in Comets zone.
8:54 of 3rd period - Reece Willcox is hit by Nikita Tryamkin and loses puck.
9:00 of 3rd period - Penalty to Seth Helgeson is over, Seth Helgeson is back on ice.
9:07 of 3rd period - Joakim Nygard is hit by Dennis Everberg and loses puck.
9:28 of 3rd period - Anton Cederholm is hit by Juho Lammikko and loses puck.
9:37 of 3rd period - Snap shot by Michael Mersch.
9:37 of 3rd period - Shot Misses the Net.
9:39 of 3rd period - Snap shot by Roman Horak.
9:39 of 3rd period - Stopped by Alexandar Georgiev with a rebound.
9:57 of 3rd period - Sebastian Wannstrom is hit by Brendan Lemieux and loses puck.
10:48 of 3rd period - Tucker Poolman is hit by Juuso Riikola and loses puck.
11:58 of 3rd period - Denis Gurianov is hit by Anton Cederholm and loses puck.
12:14 of 3rd period - Snap shot by Nicolas Petan.
12:14 of 3rd period - Shot Misses the Net.
12:28 of 3rd period - Snap shot by Roman Horak.
12:28 of 3rd period - Shot Misses the Net.
12:36 of 3rd period - Tyler Wotherspoon is hit by William Lagesson and loses puck.
12:59 of 3rd period - Snap shot by Dennis Everberg.
12:59 of 3rd period - Goal by Dennis Everberg - Comets : 4 - Little Stars : 2.
13:00 of 3rd period - Daniel O'regan wins face-off versus Brendan Gaunce in neutral zone.
13:15 of 3rd period - Wrist shot by Denis Gurianov.
13:15 of 3rd period - Shot Misses the Net.
13:25 of 3rd period - Seth Helgeson is hit by Sebastian Wannstrom and loses puck.
13:52 of 3rd period - Wrist shot by Juho Lammikko.
13:52 of 3rd period - Shot Misses the Net.
13:54 of 3rd period - Snap shot by Juho Lammikko.
13:54 of 3rd period - Stopped by Connor Knapp with a rebound.
14:25 of 3rd period - Reece Willcox is hit by Oliver Kylington and loses puck.
14:42 of 3rd period - Reece Willcox is hit by Andrej Nestrasil and loses puck.
14:59 of 3rd period - Brendan Gaunce is hit by Zach Budish and loses puck.
15:04 of 3rd period - Snap shot by Jason Dickinson.
15:04 of 3rd period - Shot Misses the Net.
15:06 of 3rd period - Wrist shot by Jason Dickinson.
15:06 of 3rd period - Shot Blocked by Nikita Tryamkin.
15:08 of 3rd period - Slapshot by Tucker Poolman.
15:08 of 3rd period - Shot Misses the Net.
15:10 of 3rd period - Slapshot by Reece Willcox.
15:10 of 3rd period - Deflect By Zach Budish.
15:10 of 3rd period - Shot Blocked by Juuso Riikola.
15:10 of 3rd period - Puck is out of play.
15:11 of 3rd period - Daniel O'regan wins face-off versus Andrej Nestrasil in Comets zone.
15:40 of 3rd period - Wrist shot by Brendan Gaunce.
15:40 of 3rd period - Stopped by Connor Knapp with a rebound.
15:42 of 3rd period - Slapshot by Juuso Riikola.
15:42 of 3rd period - Deflect By Taylor Beck.
15:42 of 3rd period - Shot Misses the Net.
15:42 of 3rd period - Puck is out of play.
15:43 of 3rd period - Brendan Gaunce wins face-off versus Joakim Nygard in Little Stars zone.
16:12 of 3rd period - Icing by Ville Pokka.
16:13 of 3rd period - Jason Dickinson wins face-off versus Andrej Nestrasil in Little Stars zone.
16:28 of 3rd period - Off-side.
16:29 of 3rd period - Jason Dickinson wins face-off versus Brendan Gaunce in neutral zone.
16:34 of 3rd period - Snap shot by Jason Dickinson.
16:34 of 3rd period - Shot Misses the Net.
16:36 of 3rd period - Snap shot by Zach Budish.
16:36 of 3rd period - Shot Misses the Net.
16:38 of 3rd period - Slapshot by Anton Cederholm.
16:38 of 3rd period - Shot Misses the Net.
16:40 of 3rd period - Snap shot by Joakim Nygard.
16:40 of 3rd period - Shot Misses the Net.
16:42 of 3rd period - Slapshot by Anton Cederholm.
16:42 of 3rd period - Shot Misses the Net.
16:44 of 3rd period - Backhand shot by Anton Cederholm.
16:44 of 3rd period - Shot Misses the Net.
17:23 of 3rd period - Snap shot by Henrik Borgstrom.
17:23 of 3rd period - Stopped by Alexandar Georgiev with a rebound.
17:25 of 3rd period - Slapshot by Tucker Poolman.
17:25 of 3rd period - Shot Blocked by Seth Helgeson.
17:59 of 3rd period - Reece Willcox is hit by Brendan Lemieux and loses puck.
18:16 of 3rd period - Ilya Mikheyev is hit by Justin Bailey and loses puck.
18:29 of 3rd period - Wrist shot by Ilya Mikheyev.
18:29 of 3rd period - Stopped by Alexandar Georgiev with a rebound.
18:31 of 3rd period - Backhand shot by Tucker Poolman.
18:31 of 3rd period - Shot Misses the Net.
18:33 of 3rd period - Snap shot by Ilya Mikheyev.
18:33 of 3rd period - Shot Blocked by Brendan Gaunce.
18:43 of 3rd period - Slapshot by Jordan LaVallee.
18:43 of 3rd period - Stopped by Alexandar Georgiev with a rebound.
18:45 of 3rd period - Snap shot by Jordan LaVallee.
18:45 of 3rd period - Stopped by Alexandar Georgiev with a rebound.
18:47 of 3rd period - Slapshot by Daniel O'regan.
18:47 of 3rd period - Deflect By Jordan LaVallee.
18:47 of 3rd period - Stopped by Alexandar Georgiev with a rebound.
18:49 of 3rd period - Slapshot by Reece Willcox.
18:49 of 3rd period - Shot Blocked by Brendan Gaunce.
18:51 of 3rd period - Slapshot by Tucker Poolman.
18:51 of 3rd period - Shot Misses the Net.
18:53 of 3rd period - Snap shot by Daniel O'regan.
18:53 of 3rd period - Stopped by Alexandar Georgiev without a rebound.
18:54 of 3rd period - Jason Dickinson wins face-off versus Andrej Nestrasil in Comets zone.
Goals for this period are 1 for Comets vs 1 for Little Stars.
Shots for this period are 5 for Comets vs 11 for Little Stars.